[ AOE2 MATCH · #505508060 ]
UnrankedGurjaras vs Goths
Player's team · LOSS
Rival team · WIN
[ REPLAY ANALYSIS · EXTRACTED FROM THE RECORDED GAME ]
Feudal
8:39
Castle
23:35
Imperial
47:27
| APM avg | 49.6 |
| APM peak | 77 |
| eAPM avg | 24.3 |
| Villagers / military | 150 / 114 |
Focus
⚔️ 38.2% · 🌾 61.8%
Chakram Thrower ×56 · Militia ×24 · Armored Elephant ×13 · Mangonel ×7 · Monk ×6 · Skirmisher ×6
Feudal
8:58
Castle
21:36
Imperial
37:56
| APM avg | 61.8 |
| APM peak | 96 |
| eAPM avg | 28.1 |
| Villagers / military | 209 / 167 |
Focus
⚔️ 27.8% · 🌾 72.2%
Huskarl ×64 · Militia ×55 · Archer ×35 · Mangonel ×6 · Trebuchet (Packed) ×4 · Monk ×2
Match map
Initial resources + every placement click. Lines = walls · curves = elevation contours. ◆ gold · ⬟ stone · ● berries · ✦ relic · ◌ wall gap
Your base· Open — 1t gap
xcmpierrexcm's base· ✓ Closed at 21:36 · 7t walls · 1 gate(s)
Smoothed initial terrain · ◌ = detected wall gap · hover for details
Inputs per minute
— duusker - - xcmpierrexcm
Build order — duusker
First 150 of 467 actions detected
| 0:00 | Queue | Villager (Male) |
| 0:00 | Queue | Villager (Male) |
| 0:00 | Queue | Villager (Male) |
| 0:02 | Build | House |
| 0:03 | Build | House |
| 0:37 | Build | Mill |
| 1:29 | Queue | Villager (Male) |
| 1:33 | Queue | Villager (Male) |
| 2:06 | Queue | Villager (Male) |
| 2:43 | Queue | Villager (Male) |
| 3:05 | Queue | Villager (Male) |
| 3:05 | Queue | Villager (Male) |
| 3:42 | Queue | Villager (Male) |
| 4:03 | Build | House |
| 4:15 | Queue | Villager (Male) |
| 4:32 | Queue | Villager (Male) |
| 4:54 | Queue | Villager (Male) |
| 5:14 | Queue | Villager (Male) |
| 5:42 | Queue | Villager (Male) |
| 6:03 | Build | Lumber Camp |
| 6:26 | Research | Feudal Age |
| 6:56 | Research | Loom |
| 7:12 | Build | Mining Camp |
| 8:10 | Build | House |
| 8:12 | Build | Palisade Wall |
| 8:15 | Build | Palisade Wall |
| 8:20 | Build | Palisade Wall |
| 8:22 | Build | Palisade Wall |
| 8:39 | Age | Feudal Age |
| 8:44 | Queue | Villager (Male) |
| 9:00 | Build | Watch Tower |
| 9:11 | Queue | Villager (Male) |
| 9:23 | Build | Palisade Wall |
| 9:38 | Build | Watch Tower |
| 9:40 | Queue | Villager (Male) |
| 10:00 | Queue | Villager (Male) |
| 10:16 | Research | Horse Collar |
| 10:37 | Build | Stone Wall |
| 10:46 | Queue | Villager (Male) |
| 10:55 | Build | Mill |
| 11:00 | Queue | Villager (Male) |
| 11:16 | Research | Double-Bit Axe |
| 11:46 | Queue | Villager (Male) |
| 11:54 | Build | Palisade Wall |
| 12:14 | Queue | Villager (Male) |
| 12:25 | Build | Palisade Wall |
| 12:29 | Build | House |
| 12:50 | Build | Farm |
| 12:50 | Build | Farm |
| 12:51 | Build | Farm |
| 12:51 | Build | Farm |
| 12:51 | Build | Farm |
| 12:51 | Build | Farm |
| 13:00 | Queue | Villager (Male) |
| 13:00 | Queue | Villager (Male) |
| 13:04 | Build | House |
| 13:12 | Build | Farm |
| 13:17 | Build | House |
| 13:22 | Research | Wheelbarrow |
| 13:29 | Build | Barracks |
| 13:54 | Build | Palisade Wall |
| 13:57 | Build | Palisade Wall |
| 14:32 | Queue | Villager (Male) |
| 14:37 | Build | Archery Range |
| 14:39 | Build | Farm |
| 14:43 | Queue | Villager (Male) |
| 14:57 | Build | Watch Tower |
| 15:04 | Build | House |
| 15:14 | Queue | Villager (Male) |
| 15:30 | Queue | Villager (Male) |
| 15:35 | Build | Farm |
| 15:38 | Build | Farm |
| 15:49 | Queue | Skirmisher |
| 15:54 | Queue | Villager (Male) |
| 16:05 | Build | Farm |
| 16:10 | Build | Farm |
| 16:11 | Queue | Skirmisher |
| 16:12 | Queue | Skirmisher |
| 16:36 | Build | Farm |
| 16:45 | Queue | Villager (Male) |
| 16:45 | Queue | Villager (Male) |
| 17:07 | Build | Farm |
| 17:07 | Queue | Villager (Male) |
| 17:17 | Build | Market |
| 18:01 | Build | Palisade Wall |
| 18:04 | Build | Palisade Wall |
| 18:06 | Build | Palisade Wall |
| 18:07 | Build | Palisade Wall |
| 18:14 | Queue | Villager (Male) |
| 18:16 | Build | Farm |
| 18:17 | Build | Farm |
| 18:55 | Queue | Villager (Male) |
| 18:56 | Queue | Villager (Male) |
| 19:02 | Build | Palisade Gate |
| 19:27 | Queue | Villager (Male) |
| 19:46 | Build | Mining Camp |
| 20:40 | Queue | Skirmisher |
| 20:45 | Build | Mining Camp |
| 20:55 | Research | Castle Age |
| 20:57 | Build | Blacksmith |
| 21:04 | Queue | Skirmisher |
| 21:13 | Build | House |
| 21:18 | Build | House |
| 21:32 | Research | Fletching |
| 21:37 | Queue | Skirmisher |
| 22:20 | Research | Padded Archer Armor |
| 23:20 | Queue | Villager (Male) |
| 23:20 | Queue | Villager (Male) |
| 23:35 | Age | Castle Age |
| 23:42 | Build | Siege Workshop |
| 23:50 | Build | Town Center |
| 24:10 | Queue | Mangonel |
| 24:49 | Queue | Mangonel |
| 24:55 | Queue | Villager (Male) |
| 25:08 | Build | Town Center |
| 25:16 | Queue | Villager (Male) |
| 25:17 | Queue | Villager (Male) |
| 25:19 | Queue | Villager (Male) |
| 25:20 | Queue | Villager (Male) |
| 25:39 | Build | Farm |
| 25:44 | Build | Farm |
| 25:45 | Build | Farm |
| 26:09 | Research | Hand Cart |
| 26:10 | Queue | Villager (Male) |
| 26:10 | Queue | Villager (Male) |
| 26:11 | Queue | Villager (Male) |
| 26:21 | Build | Farm |
| 26:22 | Queue | Villager (Male) |
| 26:43 | Queue | Villager (Male) |
| 26:44 | Queue | Villager (Male) |
| 26:45 | Queue | Mangonel |
| 27:11 | Queue | Villager (Male) |
| 27:12 | Queue | Villager (Male) |
| 27:12 | Queue | Villager (Male) |
| 27:25 | Build | Farm |
| 27:27 | Build | Farm |
| 27:39 | Queue | Villager (Male) |
| 28:01 | Queue | Villager (Male) |
| 28:01 | Queue | Villager (Male) |
| 28:01 | Queue | Villager (Male) |
| 28:02 | Queue | Villager (Male) |
| 28:17 | Build | Monastery |
| 28:35 | Build | Monastery |
| 28:37 | Queue | Villager (Male) |
| 28:37 | Queue | Villager (Male) |
| 28:38 | Queue | Villager (Male) |
| 28:39 | Queue | Villager (Male) |
| 28:39 | Queue | Villager (Male) |
| 29:03 | Queue | Monk |
| 29:05 | Build | House |
Build order — xcmpierrexcm
First 150 of 574 actions detected
| 0:00 | Queue | Villager (Male) |
| 0:00 | Queue | Villager (Male) |
| 0:01 | Queue | Villager (Male) |
| 0:01 | Queue | Villager (Male) |
| 0:03 | Build | House |
| 0:04 | Build | House |
| 0:32 | Research | Loom |
| 0:33 | Queue | Villager (Male) |
| 0:33 | Queue | Villager (Male) |
| 1:25 | Queue | Villager (Male) |
| 1:48 | Queue | Villager (Male) |
| 2:02 | Build | Lumber Camp |
| 2:36 | Queue | Villager (Male) |
| 2:58 | Queue | Villager (Male) |
| 2:58 | Queue | Villager (Male) |
| 2:59 | Queue | Villager (Male) |
| 3:27 | Build | House |
| 3:36 | Queue | Villager (Male) |
| 4:18 | Queue | Villager (Male) |
| 4:19 | Queue | Villager (Male) |
| 4:46 | Build | Mill |
| 5:01 | Queue | Villager (Male) |
| 5:13 | Queue | Villager (Male) |
| 5:35 | Queue | Villager (Male) |
| 6:12 | Build | House |
| 6:48 | Research | Feudal Age |
| 6:59 | Build | Barracks |
| 7:51 | Queue | Militia |
| 7:52 | Queue | Militia |
| 7:52 | Queue | Militia |
| 8:10 | Build | Mining Camp |
| 8:19 | Queue | Militia |
| 8:55 | Build | House |
| 8:58 | Age | Feudal Age |
| 9:01 | Queue | Villager (Male) |
| 9:06 | Research | Man-at-Arms (upgrade) |
| 9:10 | Queue | Villager (Male) |
| 9:34 | Build | Archery Range |
| 9:49 | Build | Farm |
| 9:54 | Build | Watch Tower |
| 10:15 | Build | House |
| 10:22 | Build | Farm |
| 10:32 | Build | Palisade Wall |
| 10:34 | Build | Palisade Wall |
| 10:36 | Build | House |
| 10:38 | Build | Palisade Wall |
| 10:39 | Build | Palisade Wall |
| 10:49 | Queue | Archer |
| 10:57 | Queue | Villager (Male) |
| 11:03 | Build | House |
| 11:06 | Queue | Villager (Male) |
| 11:16 | Build | House |
| 11:30 | Build | Farm |
| 11:53 | Queue | Archer |
| 11:54 | Queue | Villager (Male) |
| 11:59 | Queue | Archer |
| 11:59 | Queue | Villager (Male) |
| 12:10 | Build | House |
| 12:36 | Queue | Archer |
| 12:37 | Queue | Villager (Male) |
| 12:45 | Queue | Spearman |
| 13:01 | Queue | Villager (Male) |
| 13:10 | Build | Blacksmith |
| 13:31 | Queue | Archer |
| 13:31 | Queue | Villager (Male) |
| 13:52 | Queue | Villager (Male) |
| 14:03 | Queue | Villager (Male) |
| 14:31 | Queue | Villager (Male) |
| 14:41 | Build | House |
| 14:51 | Build | Farm |
| 14:51 | Queue | Villager (Male) |
| 14:53 | Build | Farm |
| 15:03 | Build | Farm |
| 15:29 | Build | Farm |
| 15:29 | Queue | Villager (Male) |
| 15:31 | Build | Farm |
| 15:37 | Build | House |
| 15:53 | Build | House |
| 15:57 | Build | Farm |
| 16:03 | Research | Double-Bit Axe |
| 16:04 | Queue | Villager (Male) |
| 16:25 | Queue | Villager (Male) |
| 16:33 | Build | Farm |
| 16:46 | Queue | Villager (Male) |
| 16:48 | Build | House |
| 16:59 | Research | Fletching |
| 17:09 | Build | Market |
| 17:19 | Build | House |
| 17:36 | Queue | Villager (Male) |
| 18:08 | Build | Farm |
| 18:08 | Build | Farm |
| 18:09 | Queue | Villager (Male) |
| 18:56 | Research | Castle Age |
| 19:02 | Build | House |
| 19:10 | Queue | Archer |
| 19:10 | Queue | Archer |
| 19:20 | Build | House |
| 19:24 | Build | Farm |
| 19:46 | Queue | Villager (Male) |
| 19:53 | Build | Palisade Wall |
| 19:55 | Build | Palisade Wall |
| 19:57 | Build | Palisade Wall |
| 20:05 | Queue | Archer |
| 20:08 | Build | House |
| 20:12 | Build | Palisade Gate |
| 20:14 | Build | House |
| 20:22 | Build | House |
| 20:24 | Queue | Villager (Male) |
| 20:41 | Queue | Villager (Male) |
| 20:46 | Queue | Archer |
| 20:48 | Queue | Villager (Male) |
| 21:04 | Build | Lumber Camp |
| 21:10 | Queue | Archer |
| 21:36 | Age | Castle Age |
| 21:36 | Queue | Archer |
| 21:40 | Build | Siege Workshop |
| 21:42 | Research | Bodkin Arrow |
| 22:11 | Research | Crossbowman (upgrade) |
| 22:14 | Queue | Villager (Male) |
| 22:27 | Build | House |
| 22:31 | Queue | Mangonel |
| 22:39 | Queue | Archer |
| 23:12 | Queue | Villager (Male) |
| 23:16 | Build | Archery Range |
| 23:31 | Queue | Archer |
| 23:33 | Queue | Villager (Male) |
| 23:46 | Queue | Archer |
| 23:52 | Build | Mining Camp |
| 23:53 | Queue | Villager (Male) |
| 24:09 | Queue | Archer |
| 24:33 | Queue | Villager (Male) |
| 24:37 | Queue | Villager (Male) |
| 24:51 | Build | House |
| 24:54 | Queue | Archer |
| 24:55 | Queue | Archer |
| 24:55 | Queue | Villager (Male) |
| 25:10 | Queue | Archer |
| 25:15 | Queue | Villager (Male) |
| 25:16 | Queue | Villager (Male) |
| 25:21 | Build | Town Center |
| 25:36 | Queue | Villager (Male) |
| 25:39 | Build | House |
| 25:41 | Queue | Villager (Male) |
| 25:48 | Queue | Villager (Male) |
| 25:57 | Build | Monastery |
| 26:09 | Queue | Villager (Male) |
| 26:19 | Queue | Villager (Male) |
| 26:22 | Build | House |
| 26:42 | Queue | Villager (Male) |
| 26:42 | Queue | Villager (Male) |
Match timeline
| 6:59 | xcmpierrexcm · first_building Barracks |
| 8:12 | duusker · wall_segment Palisade Wall x1 |
| 8:15 | duusker · wall_segment Palisade Wall x1 |
| 8:20 | duusker · wall_segment Palisade Wall x1 |
| 8:22 | duusker · wall_segment Palisade Wall x1 |
| 8:39 | duusker · age_up feudal |
| 8:58 | xcmpierrexcm · age_up feudal |
| 9:23 | duusker · wall_segment Palisade Wall x1 |
| 9:34 | xcmpierrexcm · first_building Archery Range |
| 10:32 | xcmpierrexcm · wall_segment Palisade Wall x1 |
| 10:34 | xcmpierrexcm · wall_segment Palisade Wall x1 |
| 10:37 | duusker · wall_segment Stone Wall x1 |
| 10:38 | xcmpierrexcm · wall_segment Palisade Wall x1 |
| 10:39 | xcmpierrexcm · wall_segment Palisade Wall x1 |
| 11:54 | duusker · wall_segment Palisade Wall x6 |
| 12:25 | duusker · wall_segment Palisade Wall x9 |
| 13:29 | duusker · first_building Barracks |
| 13:54 | duusker · wall_segment Palisade Wall x1 |
| 13:57 | duusker · wall_segment Palisade Wall x1 |
| 14:37 | duusker · first_building Archery Range |
| 18:01 | duusker · wall_segment Palisade Wall x1 |
| 18:04 | duusker · wall_segment Palisade Wall x1 |
| 18:06 | duusker · wall_segment Palisade Wall x1 |
| 18:07 | duusker · wall_segment Palisade Wall x1 |
| 18:16 | xcmpierrexcm · first_market_buy 100 food |
| 18:16 | xcmpierrexcm · first_market_sell 100 wood |
| 19:17 | duusker · first_market_sell 100 wood |
| 19:53 | xcmpierrexcm · wall_segment Palisade Wall x1 |
| 19:55 | xcmpierrexcm · wall_segment Palisade Wall x1 |
| 19:57 | xcmpierrexcm · wall_segment Palisade Wall x1 |
| 21:36 | xcmpierrexcm · age_up castle |
| 21:40 | xcmpierrexcm · first_building Siege Workshop |
| 23:35 | duusker · age_up castle |
| 23:42 | duusker · first_building Siege Workshop |
| 25:57 | xcmpierrexcm · first_building Monastery |
| 28:17 | duusker · first_building Monastery |
| 33:35 | xcmpierrexcm · first_building Castle |
| 34:09 | duusker · first_building Castle |
| 35:37 | duusker · first_market_buy 500 stone |
| 36:52 | duusker · wall_segment Palisade Wall x1 |
| 37:56 | xcmpierrexcm · age_up imperial |
| 47:27 | duusker · age_up imperial |
| 52:40 | duusker · wall_segment Stone Wall x4 |
| 52:44 | duusker · wall_segment Stone Wall x4 |
| 53:15 | duusker · wall_segment Stone Wall x1 |
| 53:40 | duusker · wall_segment Stone Wall x2 |
| 53:42 | duusker · wall_segment Stone Wall x1 |
| 54:08 | duusker · wall_segment Stone Wall x1 |
| 54:12 | duusker · wall_segment Stone Wall x3 |
| 60:45 | duusker · resign |
[ AI ANALYSIS · 1 CREDIT ]
What really happened in this match?
Wolo.gg analyzes every decision: build order, eco, micro, common mistakes by bracket. Personalized analysis on WhatsApp or Discord in 30 seconds.
Civ guide
Gurjaras
Perfil
Jugador #992156